Map: 과거의 사원

Players

테라진

  • Race: Protoss Protoss
  • Spawn Location: 0:00

알로에

  • Race: Terran Terran
  • Spawn Location: 0:00

VOD

Have the link to the VOD?

Description

Time

  • Played on: Aug. 18, 2017, 8:05 a.m.
  • Length: 26:29
Show
View Real Time Build Order
Export as new Build Order

테라진 Protoss 

Build Orders:  

Get SALT Encoding   

  12  0:02  Probe (Chrono Boost)  
  13  0:16  Probe (Chrono Boost)  
  14  0:30  Probe (Chrono Boost), Pylon  
  15  0:54  Probe (Chrono Boost)  
  16  1:06  Pylon  
  16  1:08  Probe (Chrono Boost)  
  17  1:22  Probe (Chrono Boost)  
  18  1:37  Probe (Chrono Boost)  
  19  1:51  Probe (Chrono Boost)  
  19  1:56  Nexus  
  20  2:05  Assimilator, Probe (Chrono Boost)  
  21  2:12  Assimilator  
  21  2:18  Probe (Chrono Boost)  
  22  2:32  Gateway  
  22  2:34  Probe (Chrono Boost)  
  23  2:48  Probe (Chrono Boost)  
  24  2:53  Pylon  
  24  3:02  Probe (Chrono Boost)  
  25  3:15  Probe (Chrono Boost)  
  26  3:29  Probe (Chrono Boost)  
  26  3:39  Cybernetics Core  
  27  3:43  Probe (Chrono Boost)  
  27  3:45  Probe (Chrono Boost)  
  29  3:57  Probe (Chrono Boost)  
  30  4:01  Pylon  
  30  4:11  Probe (Chrono Boost)  
  30  4:12  Pylon  
  30  4:17  Probe (Chrono Boost)  
  32  4:23  Assimilator  
  32  4:25  Probe (Chrono Boost)  
  33  4:30  Warp Gate  
  33  4:31  Probe (Chrono Boost)  
  33  4:39  Probe (Chrono Boost)  
  35  4:45  Probe (Chrono Boost)  
  36  4:59  Probe (Chrono Boost)  
  37  5:02  Probe (Chrono Boost)  
  37  5:08  Death Council  
  38  5:13  Probe (Chrono Boost)  
  38  5:16  Probe (Chrono Boost)  
  40  5:26  Probe (Chrono Boost)  
  41  5:30  Probe (Chrono Boost)  
  42  5:40  Probe (Chrono Boost)  
  42  5:44  Probe (Chrono Boost)  
  42  5:45  Gateway  
  42  5:48  Cloaking Module, Pylon  
  44  5:57  Probe (Chrono Boost)  
  44  5:58  Ascendant Archives  
  44  5:59  Forge  
  45  6:40  Gateway  
  45  6:42  Gateway  
  45  6:43  Probe (Chrono Boost)  
  45  6:44  Gateway x2  
  45  6:47  Assimilator, Gateway  
  45  6:48  Gateway  
  46  6:57  Probe (Chrono Boost)  
  47  7:01  Imposing Presence  
  47  7:11  Probe (Chrono Boost)  
  47  7:14  Power Overwhelming (Chrono Boost)  
  48  7:42  Ascendant x2  
  48  7:49  Pylon  
  52  8:05  Mothership, Mind Blast (Chrono Boost)  
  52  8:07  Ascendant x2  
  52  8:08  Pylon  
  56  8:10  Supplicant x6  
  56  8:11  Supplicant x2  
  56  8:12  Pylon  
  56  8:16  Pylon  
  68  8:26  Pylon  
  68  8:40  Ascendant  
  68  8:43  Ascendant  
  72  8:54  Chaotic Attunement (Chrono Boost)  
  72  9:00  Pylon x2  
  72  9:14  Ascendant  
  72  9:16  Supplicant x2  
  72  9:17  Supplicant x6  
  90  9:29  Ascendant  
  92  9:31  Supplicant x2  
  92  9:32  Supplicant x2  
  84  10:09  Ascendant x2  
  88  10:12  Supplicant x6  
  88  10:13  Supplicant x4  
  106  10:33  Havoc  
  106  10:37  Havoc  
  92  11:17  Robotics Facility  
  92  11:19  Supplicant x2  
  96  11:20  Supplicant x10  
  96  11:22  Ascendant  
  96  11:26  Ascendant  
  108  11:53  Pylon  
  108  11:58  Pylon  
  106  12:04  Pylon  
  106  12:06  Pylon  
  104  12:19  Pylon  
  104  12:24  Ascendant  
  104  12:25  Ascendant x2  
  104  12:28  Supplicant x4  
  104  12:29  Supplicant x4  
  126  12:30  Supplicant x2  
  108  12:50  Ascendant  
  110  13:00  Warp Prism  
  112  13:19  Ascendant  
  114  13:23  Ascendant  
  114  13:28  Supplicant x2  
  114  13:29  Supplicant x8  
  126  13:43  Ascendant  
  116  14:01  Mothership  
  96  14:34  Pylon  
  96  14:41  Ascendant  
  96  14:43  Havoc x2  
  96  14:45  Supplicant x6, Pylon  
  96  14:46  Supplicant x4  
  112  15:45  Supplicant x6  
  112  15:46  Supplicant x8  
  112  15:47  Supplicant x2  
  126  17:12  Supplicant x4  
  126  17:13  Supplicant x4  
  126  17:14  Havoc x2  
  144  17:26  Pylon  
  144  17:29  Pylon  
  146  17:34  Warp Prism  
  134  17:57  Pylon  
  106  18:32  Supplicant x2  
  106  18:33  Supplicant x6  
  106  18:34  Supplicant x8  
  126  19:04  Mothership  
  126  19:10  Pylon  
  126  19:14  Pylon  
  126  19:18  Pylon  
  110  19:22  Pylon  
  104  19:57  Supplicant x10  
  110  20:20  Pylon  
  110  20:37  Warp Prism  
  110  20:38  Pylon  
  110  20:41  Pylon  
  110  20:43  Supplicant x6  
  99  22:00  Supplicant x8  
  99  22:01  Supplicant x4  
  99  22:03  Supplicant x4  
  127  22:22  Supplicant x6  
  127  22:23  Supplicant x4  
  147  22:30  Supplicant x6  
  131  23:01  Supplicant x6  
  131  23:02  Supplicant x2  
  147  23:23  Slayer  
  147  23:28  Slayer  
  151  23:43  Supplicant x6  
  151  23:44  Supplicant x2  
  147  23:57  Pylon  
  147  23:58  Supplicant x2, Pylon  
  151  24:01  Pylon  
  151  24:03  Pylon  
  151  24:05  Pylon  
  151  24:09  Mothership, Pylon  
  149  24:12  Pylon  
  149  24:16  Pylon  
  149  24:18  Supplicant x6, Pylon  
  142  24:21  Pylon  
  142  24:25  Supplicant x2, Pylon  
  142  24:26  Supplicant x8  
  126  24:40  Supplicant x6  
  114  25:18  Supplicant x8  
  114  25:19  Supplicant x8  
  132  25:40  Supplicant x2  
  132  25:41  Supplicant x4  
Show
View Real Time Build Order
Export as new Build Order

알로에 Terran 

Build Orders:  

Get SALT Encoding   

Tags
 
Add a new tag
Caveats
  • Supply blocks, unpowered buildings, or Contaminate may cause inaccurate times.
  • Supply counts are checked every 10 seconds.